Map: 2000 атмосфер РВ

Players

ИИ 1 (эксперт)

  • Race: Protoss Protoss

Doll - Winner!

  • Race: Terran Terran

VOD

Have the link to the VOD?

Description

Time

  • Played on: July 29, 2021, 4:44 p.m.
  • Length: 16:27
Show
View Real Time Build Order
Export as new Build Order

ИИ 1 (эксперт) Protoss 

Build Orders: 1 Gate Expand, Colossus Rush 

Get SALT Encoding   

  12  0:00  Probe  
  13  0:13  Probe  
  14  0:19  Pylon  
  14  0:25  Probe  
  15  0:33  Probe  
  15  0:41  Probe  
  16  0:47  Assimilator  
  17  0:50  Gateway  
  17  0:51  Probe  
  18  1:00  Probe, Pylon  
  19  1:08  Probe  
  19  1:18  Probe  
  21  1:30  Probe  
  22  1:39  Nexus  
  22  1:42  Probe  
  23  1:47  Zealot  
  25  1:58  Cybernetics Core, Probe  
  26  2:06  Probe  
  26  2:14  Probe  
  28  2:24  Pylon  
  28  2:25  Warp Gate  
  28  2:26  Probe  
  29  2:35  Stalker  
  31  2:37  Gateway  
  31  2:40  Assimilator  
  31  2:42  Probe  
  32  2:55  Pylon  
  32  2:56  Probe  
  33  3:00  Probe  
  33  3:05  Probe, Adept  
  36  3:12  Probe  
  38  3:19  Robotics Facility  
  38  3:20  Probe  
  38  3:24  Adept  
  38  3:26  Probe  
  42  3:31  Adept  
  42  3:32  Probe  
  43  3:38  Probe  
  46  3:44  Probe  
  47  3:50  Probe  
  47  3:51  Adept  
  47  3:54  Adept  
  50  3:56  Probe  
  50  4:02  Probe  
  54  4:07  Pylon  
  54  4:08  Probe  
  54  4:09  Robotics Bay  
  56  4:10  Observer  
  56  4:14  Probe  
  57  4:18  Robotics Facility  
  57  4:20  Probe  
  57  4:22  Pylon  
  58  4:26  Stalker  
  60  4:31  Adept  
  60  4:33  Probe  
  60  4:34  Pylon  
  60  4:35  Probe  
  64  4:46  Stalker  
  66  4:57  Gateway  
  66  5:02  Colossus  
  66  5:05  Pylon, Zealot  
  68  5:08  Zealot  
  76  5:17  Pylon  
  76  5:23  Zealot  
  76  5:25  Zealot  
  80  5:45  Probe x2, Stalker  
  80  5:46  Sentry  
  80  5:47  Pylon  
  86  6:01  Nexus, Twilight Council  
  86  6:04  Gateway  
  86  6:06  Assimilator  
  86  6:09  Assimilator, Forge  
  86  6:24  Probe  
  86  6:30  Pylon  
  86  6:31  Probe  
  86  6:32  Probe  
  88  6:35  Pylon  
  89  6:44  Photon Cannon  
  89  6:45  Photon Cannon  
  89  6:48  Photon Cannon  
  89  6:54  Warp Prism  
  89  6:56  Forge  
  89  7:01  Templar Archives  
  89  7:06  Gateway  
  89  7:08  Warp Prism, Stalker  
  90  7:09  Probe  
  90  7:11  Stalker  
  90  7:13  Probe, Pylon, Stalker  
  90  7:14  Probe  
  90  7:15  Zealot  
  93  7:16  Zealot  
  93  7:18  Probe  
  93  7:21  Assimilator  
  78  7:25  Probe  
  78  7:27  Sentry  
  78  7:28  Probe  
  69  7:32  Assimilator  
  69  7:33  Probe  
  69  7:35  Zealot  
  69  7:36  Zealot, Adept  
  73  7:38  Probe  
  73  7:39  Pylon  
  73  7:42  Probe  
  72  7:47  Adept  
  72  7:50  Probe  
  75  7:51  Probe  
  75  7:54  Probe  
  75  7:55  Zealot  
  75  7:56  Templar Archives, Sentry, Stalker  
  81  8:02  Probe  
  81  8:03  Probe  
  81  8:05  Probe  
  79  8:07  Zealot  
  79  8:11  Probe  
  80  8:14  Probe  
  80  8:15  Stalker  
  80  8:19  Probe, Zealot, Stalker  
  89  8:20  Probe  
  89  8:26  Probe  
  91  8:27  Protoss Ground Weapons Level 1  
  91  8:28  Stalker  
  91  8:30  Probe  
  91  8:31  Probe  
  95  8:35  Stalker  
  95  8:36  Psionic Storm  
  95  8:38  Probe  
  95  8:39  High Templar  
  100  8:42  Probe, Adept  
  103  8:51  Sentry, Stalker  
  107  9:02  Stalker  
  107  9:04  Pylon  
  107  9:05  Gateway  
  107  9:08  Observer  
  107  9:09  Photon Cannon  
  110  9:11  High Templar  
  110  9:12  Nexus  
  110  9:14  Sentry, Adept  
  116  9:21  Stalker  
  118  9:27  Observer  
  118  9:29  Photon Cannon  
  118  9:30  Archon  
  119  9:32  Pylon  
  119  9:34  Adept  
  119  9:35  Zealot  
  121  9:39  High Templar  
  121  9:44  High Templar  
  113  9:48  Immortal  
  113  9:49  Zealot  
  94  9:54  Zealot  
  94  9:55  Immortal  
  94  9:59  Adept  
  92  10:08  High Templar  
  92  10:11  Sentry  
  92  10:14  Zealot  
  89  10:16  Stalker  
  89  10:19  High Templar  
  89  10:29  Probe  
  89  10:31  Probe x3  
  89  10:34  Zealot, High Templar  
  80  10:39  Probe, Stalker  
  80  10:40  Adept  
  80  10:41  Assimilator  
  76  10:43  Probe x2  
  76  10:44  Probe  
  76  10:45  Assimilator  
  74  10:50  Probe  
  74  10:51  Zealot  
  74  10:54  High Templar  
  74  10:55  Probe  
  73  10:57  Probe x2  
  73  11:00  Zealot  
  73  11:02  Probe, Stalker  
  73  11:04  Pylon  
  76  11:06  Adept  
  76  11:07  Probe  
  76  11:09  Probe  
  76  11:11  Probe, Zealot  
  76  11:14  Probe  
  76  11:18  Probe  
  70  11:19  Stalker  
  70  11:21  Probe x2  
  70  11:25  Zealot  
  71  11:26  Sentry, Adept  
  71  11:28  Templar Archives  
  71  11:30  Probe  
  71  11:31  Zealot  
  71  11:35  Stalker  
  66  11:44  Stalker  
  66  11:45  Zealot  
  64  11:50  Adept  
  50  12:04  High Templar x2  
  45  12:12  Archon, High Templar  
  43  12:20  High Templar  
  45  12:23  Nexus  
  45  12:27  Zealot  
  45  12:35  Zealot  
  45  12:36  High Templar  
  35  12:44  High Templar  
  24  13:00  High Templar  
  26  13:07  Archon  
  24  13:21  Pylon  
  13  14:05  High Templar  
Show
View Real Time Build Order
Export as new Build Order

Doll Terran - Winner!

Build Orders: 2 Factory, Mech 

Get SALT Encoding   

  12  0:01  SCV  
  13  0:16  Supply Depot  
  13  0:18  SCV  
  14  0:30  SCV  
  15  0:40  Barracks  
  15  0:43  SCV  
  17  0:57  SCV  
  17  1:14  Command Center  
  17  1:18  SCV  
  18  1:27  Marine, Refinery  
  18  1:30  SCV  
  20  1:42  SCV  
  20  1:43  Supply Depot  
  20  1:45  Marine  
  22  1:55  SCV  
  22  1:59  Refinery  
  23  2:05  Marine  
  24  2:08  SCV  
  25  2:21  Supply Depot  
  25  2:22  SCV  
  26  2:23  Marine  
  26  2:27  Orbital Command  
  27  2:39  Factory  
  27  2:40  SCV  
  27  2:43  Marine  
  29  2:52  SCV  
  29  2:53  SCV  
  31  3:06  Factory  
  31  3:08  SCV  
  31  3:09  Orbital Command  
  31  3:11  Marine  
  33  3:21  SCV  
  33  3:23  Hellion  
  36  3:29  Marine, Armory  
  37  3:34  SCV  
  39  3:41  SCV  
  39  3:44  Starport  
  39  3:45  Hellion  
  41  3:48  SCV  
  41  3:50  Barracks Tech Lab  
  41  3:52  Hellion  
  41  3:54  SCV  
  45  4:02  SCV  
  46  4:11  Hellion  
  46  4:13  Engineering Bay, Stimpack  
  46  4:14  SCV x2  
  46  4:16  Hellion  
  52  4:22  Supply Depot  
  52  4:23  Marauder  
  54  4:24  Starport Tech Lab  
  54  4:32  Supply Depot, Factory Tech Lab  
  54  4:40  Factory  
  54  4:41  Terran Vehicle Weapons Level 1  
  54  4:44  SCV x2  
  56  4:46  Factory Tech Lab  
  56  4:50  Marine  
  57  4:55  Missile Turret  
  57  4:58  Medivac  
  59  5:02  Refinery  
  59  5:03  SCV x2  
  59  5:04  Refinery  
  61  5:10  Marine  
  62  5:16  SCV  
  62  5:17  SCV  
  64  5:22  Supply Depot  
  64  5:24  Siege Tank  
  64  5:27  Hellion  
  64  5:28  Command Center  
  69  5:34  Supply Depot  
  69  5:39  SCV  
  70  5:46  Cyclone  
  73  5:50  Banshee  
  73  5:52  Hellion  
  78  5:57  Supply Depot, Siege Tank  
  78  5:59  SCV x2  
  83  6:06  Bunker  
  83  6:07  Marauder  
  85  6:12  SCV  
  85  6:15  Supply Depot  
  85  6:17  Barracks  
  86  6:19  SCV  
  86  6:20  Barracks  
  88  6:25  SCV  
  88  6:34  Engineering Bay  
  88  6:35  Starport  
  88  6:39  SCV x2  
  90  6:44  Starport  
  90  6:46  Barracks  
  58  6:47  Orbital Command  
  90  6:51  SCV  
  90  6:52  SCV  
  92  6:54  Marauder  
  92  7:00  Factory Tech Lab  
  94  7:05  Siege Tank x2  
  100  7:15  SCV x3  
  90  7:17  Barracks Tech Lab  
  90  7:19  Starport Tech Lab  
  90  7:20  Thor  
  85  7:23  Banshee  
  85  7:28  SCV x3  
  85  7:29  Barracks Tech Lab  
  91  7:33  Refinery  
  91  7:34  Refinery  
  91  7:37  Marauder x2  
  91  7:40  Siege Tank  
  91  7:42  Barracks Tech Lab  
  91  7:43  SCV x2  
  100  7:44  SCV  
  100  7:49  Marauder  
  100  7:50  Hellion  
  105  7:52  Starport Tech Lab  
  105  7:57  Terran Infantry Weapons Level 1  
  103  7:59  Marine  
  103  8:00  Marine  
  103  8:02  Combat Shield  
  103  8:04  SCV x3  
  103  8:05  Concussive Shells  
  100  8:07  Hellion  
  97  8:14  Hellion  
  97  8:15  Siege Tank  
  97  8:18  SCV x3, Marauder  
  105  8:23  Supply Depot  
  105  8:25  Terran Infantry Armor Level 1  
  105  8:26  Supply Depot, Marine x2  
  107  8:31  Hellion  
  109  8:34  SCV x3  
  109  8:37  Cyclone  
  115  8:44  Marauder  
  118  8:48  SCV x3  
Tags
 
Add a new tag
Caveats
  • Supply blocks, unpowered buildings, or Contaminate may cause inaccurate times.
  • Supply counts are checked every 10 seconds.